 Dungeon Crawl Stone Soup version 0.30.0-29-ga12c61a403 (webtiles) character file.

Game seed: 11330243160749603668

583 ChadusMaximus the Summoner (level 7, -7/41 HPs)
             Began as a Barachi Summoner on June 24, 2023.
             Was a Follower of Hepliaklqana.
             Mangled by a troll (11 damage)
             ... on level 5 of the Dungeon.
             The game lasted 00:04:51 (4245 turns).

ChadusMaximus the Summoner (Barachi Summoner)       Turns: 4245, Time: 00:04:52

Health: -7/41      AC:  4    Str: 10    XL:     7   Next: 37%
Magic:  4/14       EV: 12    Int: 17    God:    Hepliaklqana [*.....]
Gold:   219        SH:  0    Dex: 12    Spells: 9/15 levels left

rFire   . . .        g - +0 sling
rCold   . . .        (no shield)
rNeg    . . .        a - +0 robe
rPois   .            (no helmet)
rElec   .            (no cloak)
rCorr   .            q - +1 pair of gloves
SInv    .            (no boots)
Will    .....        (no amulet)
Stlth   ++           (no ring)
HPRegen 0.26/turn    (no ring)
MPRegen 0.14/turn

%: no passive effects
@: slow
A: reduced essence, amphibious, slowness 1, strong legs 1, +LOS
a: Hop, Renounce Religion, Recall Ancestor, Ancestor Identity


You were on level 5 of the Dungeon.
You worshipped Hepliaklqana.
Hepliaklqana was aware of your devotion.
You visited 1 branch of the dungeon, and saw 5 of its levels.

You collected 219 gold pieces.

Inventory:

Hand Weapons
 f - a +0 hand axe
 g - a +0 sling (weapon)
 v - a +1 vampiric war axe
Armour
 a - a +0 robe (worn)
 n - a scarf of harm
 q - a +1 pair of gloves (worn)
Jewellery
 t - a +5 ring of evasion
Wands
 m - a wand of flame (16)
Scrolls
 c - a scroll of brand weapon {unknown}
 e - a scroll of teleportation
 h - a scroll of poison
 i - a scroll of enchant armour
 j - 2 scrolls of immolation
 l - a scroll of vulnerability
 r - a scroll of fog
 u - a scroll of blinking
 w - 2 scrolls of fear
 x - a scroll of acquirement {unknown}
Potions
 b - 2 potions of magic
 d - a potion of degeneration {unknown}
 k - a potion of heal wounds
 o - a potion of haste {unknown}
 p - 2 potions of curing {unknown}
 s - 2 potions of mutation {unknown}


   Skills:
 - Level 2.6 Dodging
 - Level 2.2 Stealth
 + Level 4.8 Spellcasting
 * Level 8.7 Summonings


You had 9 spell levels left.
You knew the following spells:

 Your Spells              Type           Power      Damage    Failure   Level
a - Summon Small Mammal   Summ           100%       N/A       1%          1
b - Call Canine Familiar  Summ           33%        N/A       1%          3
c - Call Imp              Summ           66%        N/A       1%          2

Your spell library contained the following spells:

 Spells                   Type           Power      Damage    Failure   Level
 Summon Guardian Golem    Hex/Summ       18%        N/A       8%          3
 Summon Lightning Spire   Summ/Air       18%        N/A       24%         4


Dungeon Overview and Level Annotations

Branches:
Dungeon (5/15)             Temple (0/1) D:5

Altars:
Ashenzari
Hepliaklqana
Uskayaw


Innate Abilities, Weirdness & Mutations

Your life essence is reduced to manifest your ancestor. (-10% HP)
You are amphibious.
You cover ground slowly.
You can hop short distances.
You have an extended range of vision and can be seen from far away.


Message History

Zarja hits the black bear.
The black bear dies!
Casting: Call Canine Familiar (safe; 1% risk of failure)
Confirm with . or Enter, or press ? or * to list all spells.
A tiny devil pulls itself out of the air.
The troll misses Zarja.
The troll claws Zarja.
Zarja is destroyed!
You shoot a sling bullet.
The sling bullet barely misses the troll.
Your cerulean imp hits the troll but does no damage.
You shoot a sling bullet.
The sling bullet closely misses the troll.
You hear an angry hiss.
Your cerulean imp hits the troll from afar with a -1 spear.
Your hound bites the troll but does no damage.
Your cerulean imp closely misses the troll.
Something misses your cerulean imp.
Your hound closely misses the troll.
Something bites your cerulean imp!
Your cerulean imp hits the troll but does no damage.
Casting: Call Imp (safe; 1% risk of failure)
Confirm with . or Enter, or press ? or * to list all spells.
Your hound disappears in a puff of smoke!
Your cerulean imp hits the troll but does no damage.
You swap places.
Your hound closely misses the troll.
Your cerulean imp hits the troll but does no damage.
Your hound bites the troll.
The troll bites your hound!!
Your hound dies!
Your hound's corpse disappears in a puff of smoke!
Your cerulean imp hits the troll from afar with a -1 spear.
An iguana comes into view.
Casting: Call Canine Familiar (safe; 1% risk of failure)
Confirm with . or Enter, or press ? or * to list all spells.
Your cerulean imp hits the troll from afar with a -1 spear.
The troll attacks as you move away! The troll bites you!
The troll closely misses you. The troll claws you.
Your wolf bites the troll!
The troll barely misses you. The troll claws you. The troll claws you!
* * * LOW HITPOINT WARNING * * *
The troll attacks as you move away! The troll closely misses you.
The troll claws you!
You die...

##################
#####....<..##.......#
#......####.##.#####.###### *
#.###..####.##.#####.##...# *
#.##.....##.##.##.........#
###.##........##.##.##.##...#
..#.##)..#.##.##.......###.##
#..........l.5hT@...#### #.#
#..###.#.####.####### #.#
..## #.#.####.# #.#
5#####.#......###### #.#
.....#.......#.....#######.#
.###.#####.........##......#
$.o#o# #.#.#.....##.######
...#5# ##.#........#.####
T.$..# #..............>.#


You could see a troll (ally target), an iguana, a friendly wolf (summoned) and a
friendly cerulean imp (summoned).

Vanquished Creatures
  An orc wizard (D:4)
  2 adders
  A shadow imp (D:4)
  A worm (D:3)
  A dart slug (D:2)
  2 orcs
  3 bats
  8 endoplasms
  3 goblins
  4 hobgoblins
  A jackal (D:2)
  4 quokkas
  7 ball pythons
  6 kobolds
  5 rats
49 creatures vanquished.

Vanquished Creatures (collateral kills)
  A black bear (D:5)
  2 scorpions
  2 hounds (D:4)
  A jelly (D:5)
  An orc priest (D:4)
  A sleepcap (D:4)
  2 iguanas (D:4)
  An orc wizard (D:5)
  An adder (D:3)
  An ufetubus (D:5)
  6 orcs
  A ball python (D:1)
  2 bats
  A giant cockroach (D:3)
  2 goblins
  4 hobgoblins
  A jackal (D:2)
  2 kobolds
  A quokka (D:3)
  2 frilled lizards
  3 rats
38 creatures vanquished.

Vanquished Creatures (others)
  2 ancestors (D:5)
2 creatures vanquished.

Grand Total: 89 creatures vanquished

Notes
Turn   | Place    | Note
-------+----------+-------------------------------------------
     0 | D:1      | ChadusMaximus the Barachi Summoner began the quest for the
                  | Orb.
     0 | D:1      | Reached XP level 1. HP: 13/13 MP: 3/3
   259 | D:1      | Reached XP level 2. HP: 19/19 MP: 1/5
   267 | D:1      | Reached skill level 5 in Summonings
   756 | D:1      | Reached XP level 3. HP: 24/24 MP: 6/6
  1097 | D:2      | Learned a level 3 spell: Call Canine Familiar
  1100 | D:2      | Learned a level 2 spell: Call Imp
  1321 | D:2      | Noticed a scorpion
  1338 | D:2      | Killed a scorpion
  1339 | D:2      | Reached skill level 6 in Summonings
  1339 | D:2      | Reached XP level 4. HP: 13/30 MP: 1/8
  1880 | D:3      | Found a broken altar of Ashenzari.
  1957 | D:3      | Reached XP level 5. HP: 28/35 MP: 9/9
  2367 | D:3      | Found a hazy altar of Hepliaklqana.
  2384 | D:3      | Became a worshipper of Hepliaklqana the Forgotten
  2657 | D:4      | Reached skill level 7 in Summonings
  2846 | D:4      | Reached XP level 6. HP: 22/41 MP: 2/11
  3369 | D:4      | Noticed a +0 dagger
  3369 | D:4      | Noticed a +0 dagger
  3374 | D:4      | Found a hide-covered altar of Uskayaw.
  3483 | D:4      | Reached skill level 8 in Summonings
  3527 | D:4      | Reached * piety under Hepliaklqana
  3745 | D:5      | Entered Level 5 of the Dungeon
  3770 | D:5      | Noticed a black bear
  3776 | D:5      | Reached XP level 7. HP: 41/41 MP: 9/13
  3779 | D:5      | Noticed a troll
  3800 | D:5      | Found a staircase to the Ecumenical Temple.
  4151 | D:5      | Identified the +2 flail of Equilibrium {heavy, rN+ Str+3}
  4245 | D:5      | Mangled by a troll

Illustrated notes

Levels and vault maps discovered:
D:1:      nicolae_arrival_memento_mori, layout_loops_ring
D:2:      layout_loops_cross
D:3:      layout_rooms, mainiacjoe_overflow_catwalk_spiral
D:4:      layout_loops_corners, dancing_weapons_uskayaw
D:5:      layout_loops_cross, mainiacjoe_overflow_alcove_2,
          nicolae_overflow_crystal_walls, kennysheep_little_box, temple_pool_b,
          minmay_chambers_of_fives

Skill      XL: |  1  2  3  4  5  6 |
---------------+-------------------+-----
Stealth        | 2 |  2.2
Summonings     | 5 6 7 8 |  8.7
Spellcasting   | 3 4 |  4.8
Dodging        | |  2.6

Action                     |  1- 3 |  4- 6 |  7- 9 || total
---------------------------+-------+-------+-------++-------
  Melee: Unarmed           |    38 |       |       ||    38
         Punch             |     1 |       |       ||     1
   Fire: Sling             |    58 |   161 |    40 ||   259
   Cast: Summon Small Mamm |    18 |     1 |       ||    19
         Call Canine Famil |     1 |    10 |     9 ||    20
         Call Imp          |     1 |     8 |     3 ||    12
Ability: Hop               |       |     1 |     1 ||     2
    Use: Scroll            |       |       |     9 ||     9
         Potion            |       |       |     2 ||     2
 Armour: Robe              |    15 |    28 |    20 ||    63
  Dodge: Dodged            |    56 |    60 |    58 ||   174
